 Dungeon Crawl Stone Soup version 0.20.0-15-g7f486f2 (console) character file.

2177 removed the Carver (level 9, 0/49 HPs)
             Began as a Deep Elf Fighter on June 11, 2017.
             Killed from afar by an electric eel (7 damage)
             ... with a bolt of electricity
             ... on level 5 of the Dungeon.
             The game lasted 00:11:37 (7170 turns).

removed the Carver (Deep Elf Fighter)               Turns: 7170, Time: 00:11:38

Health: 0/49       AC:  7    Str: 13    XL:     9   Next: 11%
Magic:  0/11       EV: 15    Int: 14    God:
Gold:   279        SH:  8    Dex: 17    Spells: 8/8 levels left

rFire    . . .     SeeInvis .   a - +1 long sword
rCold    + . .     Gourm    .   c - +0 shield
rNeg     . . .     Faith    .   P - +0 ring mail
rPois    .         Spirit   +   N - +2 hat
rElec    .         Reflect  .   (no cloak)
rCorr    .         Harm     .   (no gloves)
MR       .....                  (no boots)
Stlth    +.........             q - amulet of guardian spirit
Regen    0.2/turn               U - ring of protection from cold
MPRegen  0.2/turn               (no ring)

@: no status effects
A: no striking features
a: no special abilities


You were on level 5 of the Dungeon.
You were not hungry.

You visited 1 branch of the dungeon, and saw 7 of its levels.

You collected 279 gold pieces.

Inventory:

Hand Weapons
 a - a +1 long sword (weapon)
 b - a +0 blowgun
 T - the +7 spear "Kalod" {holy, -Tele Str+5}
   (You found it on level 5 of the Dungeon)

   It has been blessed by the Shining One to cause great damage to the undead
   and demons.
   It affects your strength (+5).
   It prevents most forms of teleportation.
Armour
 c - a +0 shield (worn)
 A - a +0 scale mail
 N - a +2 hat (worn)
 P - a +0 ring mail (worn)
 S - a +1 plate armour of magic resistance
Magical Staves
 E - an uncursed staff of wizardry
Jewellery
 q - an amulet of guardian spirit (around neck)
 U - a ring of protection from cold (left hand)
Wands
 I - a wand of acid (0/15)
Scrolls
 i - 3 scrolls of teleportation
 k - a scroll of enchant weapon
 y - a scroll of remove curse
 z - a scroll of blinking {unknown}
 J - a scroll of recharging {unknown}
 Q - 2 scrolls of magic mapping {unknown}
 R - a scroll of immolation {unknown}
 V - a scroll of amnesia
Potions
 j - 3 potions of curing
 o - a potion of brilliance
 p - 2 potions of resistance
 s - a potion of invisibility {unknown}
 u - a potion of cancellation {unknown}
 w - 2 potions of heal wounds
 C - a potion of mutation
 L - a potion of agility {unknown}
Comestibles
 f - 2 bread rations
 g - 4 meat rations
 K - a royal jelly


   Skills:
 + Level 2.8 Fighting
 - Level 13.1 Long Blades
 - Level 2.4 Armour
 - Level 10.8 Dodging
 - Level 2.4 Shields


You had 8 spell levels left.
You didn't know any spells.

Dungeon Overview and Level Annotations

Branches:
Dungeon (7/15)
 Temple: D:4-7

Altars:
Ashenzari


Message History

The electric eel shoots out a bolt of lightning at you!
The bolt of electricity hits the electric eel.
The electric eel completely resists.
The bolt of electricity misses you.
The electric eel shoots out a bolt of lightning at you!
The bolt of electricity hits you! x2
The electric eel shoots out a bolt of lightning at you!
The bolt of electricity misses the electric eel.
The bolt of electricity hits you!
Unknown command.
You hit the electric eel but do no damage.
The electric eel is lightly wounded.
The electric eel shoots out a bolt of lightning at you!
The bolt of electricity hits you!
* * * LOW HITPOINT WARNING * * *
The bolt of electricity hits you!
* * * LOW HITPOINT WARNING * * *
The electric eel shoots out a bolt of lightning at you!
The bolt of electricity hits the electric eel.
The electric eel completely resists.
The bolt of electricity hits you!
You die...

######≈#####..#...###
##....≈##≈;≈##...#....
##≈######≈≈≈≈≈#.#...###
#≈##≈≈≈##%.$≈$#.##.## #
#≈#≈≈.≈≈#$P≈P.#.##.# #
#≈#..$;≈#.P.P≈#.##.# #
#≈#$P(≈)#.....#....#
#≈#...;.# #.#### #
#.#...@.# ### #####
#.#.....#####..# ......
#.##..'##≈≈...# ######
##≈####..≈# ### #
##≈≈≈..### #<# #
####### #O# ##### #.#
#.... #.# #.### #.# #.#


You could see 2 electric eels.

Vanquished Creatures
  2 centaurs
  A scorpion (D:4)
  An electric eel (D:5)
  2 crimson imps
  A hound (D:6)
  2 orc wizards (D:3)
  An iguana (D:4)
  Jessica (D:2)
  3 worker ants
  A howler monkey zombie (D:5)
  4 gnolls (D:4)
  6 adders
  An ooze (D:3)
  An adder skeleton (D:5)
  4 worms
  3 dart slugs
  2 leopard geckos
  4 orcs
  12 bats
  4 giant cockroaches
  9 goblins
  5 hobgoblins
  2 jackals (D:4)
  A quokka (D:5)
  A ball python (D:3)
  4 frilled lizards
  14 kobolds
  2 rats
94 creatures vanquished.

Vanquished Creatures (others)
  2 plants (D:5)
2 creatures vanquished.

Grand Total: 96 creatures vanquished

Notes
Turn   | Place    | Note
-------+----------+-------------------------------------------
     0 | D:1      | removed the Deep Elf Fighter began the quest for the Orb.
     0 | D:1      | Reached XP level 1. HP: 13/13 MP: 3/3
    34 | D:1      | Reached skill level 2 in Long Blades
    97 | D:1      | Reached XP level 2. HP: 18/18 MP: 4/4
   560 | D:1      | Reached skill level 3 in Long Blades
   854 | D:2      | Reached XP level 3. HP: 11/22 MP: 5/5
  1016 | D:2      | Noticed Jessica
  1024 | D:2      | Killed Jessica
  1062 | D:2      | Found a shattered altar of Ashenzari.
  1318 | D:2      | Reached skill level 4 in Long Blades
  1318 | D:2      | Reached XP level 4. HP: 24/27 MP: 4/6
  2146 | D:3      | HP: 1/27 [poisoned by a kobold]
  2584 | D:3      | Reached XP level 5. HP: 26/31 MP: 5/7
  2775 | D:4      | Noticed a centaur
  2786 | D:4      | Killed a centaur
  2786 | D:4      | Reached skill level 5 in Long Blades
  3338 | D:3      | Reached XP level 6. HP: 26/36 MP: 8/8
  3409 | D:3      | Reached skill level 6 in Long Blades
  3997 | D:4      | You fall through a shaft for 3 floors!
  3997 | D:7      | Noticed an ice beast
  4147 | D:5      | Entered Level 5 of the Dungeon
  4305 | D:4      | Reached skill level 7 in Long Blades
  4305 | D:4      | Reached XP level 7. HP: 30/40 MP: 6/9
  4308 | D:4      | Reached skill level 13 in Long Blades
  4308 | D:4      | Reached XP level 8. HP: 34/45 MP: 6/10
  4309 | D:4      | Reached skill level 10 in Dodging
  4309 | D:4      | Reached XP level 9. HP: 37/49 MP: 6/11
  5213 | D:5      | Got an encrusted spear
  5371 | D:4      | Identified the +7 spear "Kalod" {holy, -Tele Str+5} (You found it on level 5 of the Dungeon)
  7170 | D:5      | Killed from afar by an electric eel

Skill      XL: |  1  2  3  4  5  6  7  8 |
---------------+-------------------------+-----
Long Blades    | 2 3 4 5 7 13 | 13.1
Dodging        | 10 | 10.8
Fighting       | |  2.8
Armour         | |  2.4
Shields        | |  2.4

Action                   |  1- 3 |  4- 6 |  7- 9 || total
-------------------------+-------+-------+-------++-------
Melee: Long sword        |   101 |   202 |    68 ||   371
 Fire: Blowgun           |       |    50 |    44 ||    94
Evoke: Wand              |       |       |     2 ||     2
  Use: Potion            |       |     1 |     2 ||     3
       Scroll            |       |     8 |     3 ||    11
  Eat: Chunk             |     1 |    10 |     4 ||    15
       Meat ration       |       |       |     1 ||     1
Armor: Scale mail        |    58 |   104 |     9 ||   171
       Ring mail         |       |       |     5 ||     5
Dodge: Dodged            |    23 |    68 |    36 ||   127
Block: Shield            |    54 |   114 |    22 ||   190
       Rpst.: Long sword |     7 |    24 |     4 ||    35
